3AAA
RAPPAHANNOCK PARTISANS @ WARWICK HUNCHBACKS
05/28/2017
 
TOP OF THE 1ST
Rappahannock Partisans batting - Pitching for Warwick Hunchbacks : RHP Doug Ryan
Pitching: RHP Doug Ryan
Batting: RHB Bill Taylor 0-0: Called Strike
0-1: Ball
1-1: Swinging Strike
1-2: Ball
2-2: Strikes out swinging
Batting: LHB Alfonso López 0-0: Ball
1-0: Ball
2-0: Fly out, F7 (Line Drive, 78D)
Batting: RHB Tom Baker 0-0: Called Strike
0-1: Ball
1-1: SINGLE (Groundball, 6)
Batting: SHB Omar Gutiérrez 0-0: Ball
1-0: Ball
2-0: Foul Ball, location: 2F
2-1: Ball
3-1: 2-RUN HOME RUN (Line Drive, 9D), Distance : 360 ft
Batting: RHB Matt Sheppard 0-0: Ground out 5-3 (Groundball, 5)
Top of the 1st over - 2 run(s), 2 hit(s), 0 error(s), 0 left on base; Rappahannock 2 - Warwick 0
BOTTOM OF THE 1ST
Warwick Hunchbacks batting - Pitching for Rappahannock Partisans : RHP Mark Walker
Pitching: RHP Mark Walker
Batting: LHB Tony Nichols 0-0: Called Strike
0-1: Ground out 4-3 (Groundball, 4)
Batting: RHB Chris Riles 0-0: Called Strike
0-1: Fly out, F7 (Line Drive, 7M)
Batting: RHB Nick McKnight 0-0: Called Strike
0-1: Foul Ball, location: 2F
0-2: Ball
1-2: Ball
2-2: Strikes out swinging
Bottom of the 1st over - 0 run(s), 0 hit(s), 0 error(s), 0 left on base; Rappahannock 2 - Warwick 0
TOP OF THE 2ND
Rappahannock Partisans batting - Pitching for Warwick Hunchbacks : RHP Doug Ryan
Batting: LHB Marvin von Seydlitz 0-0: Foul Ball, location: 2F
0-1: Ball
1-1: Ground out 4-3 (Groundball, 4)
Batting: RHB Eduardo Manuel 0-0: Foul Ball, location: 2F
0-1: Ball
1-1: Swinging Strike
1-2: Ball
2-2: Ball
3-2: Foul Ball, location: 2F
3-2: Foul Ball, location: 2F
3-2: Base on Balls
Batting: LHB Miguel Mendoza 0-0: Foul Ball, location: 2F
0-1: Ball
1-1: Called Strike
1-2: Fly out, F8 (Flyball, 8RS)
Batting: RHB Ángel Ruezga 0-0: Foul Ball, location: 2F
0-1: Fly out, F4 (Line Drive, 4S)
Top of the 2nd over - 0 run(s), 0 hit(s), 0 error(s), 1 left on base; Rappahannock 2 - Warwick 0
BOTTOM OF THE 2ND
Warwick Hunchbacks batting - Pitching for Rappahannock Partisans : RHP Mark Walker
Batting: LHB Ted Cracknell 0-0: Ball
1-0: Ball
2-0: Ball
3-0: Swinging Strike
3-1: Swinging Strike
3-2: Strikes out swinging
Batting: RHB Julián Rocha 0-0: Ball
1-0: Ball
2-0: Ball
3-0: Base on Balls
Batting: RHB Freddy Scott 0-0: Ball
1-0: Ball
2-0: Called Strike
2-1: Ball
3-1: Foul Ball, location: 2F
3-2: Base on Balls
Julián Rocha to second
Batting: LHB Ron Wallace 0-0: Called Strike
0-1: Called Strike
0-2: Foul Ball, location: 2F
0-2: Foul Ball, location: 2F
0-2: Strikes out swinging
Batting: RHB Jim Browning 0-0: Called Strike
0-1: Ball
1-1: Swinging Strike
1-2: Strikes out swinging
Bottom of the 2nd over - 0 run(s), 0 hit(s), 0 error(s), 2 left on base; Rappahannock 2 - Warwick 0
TOP OF THE 3RD
Rappahannock Partisans batting - Pitching for Warwick Hunchbacks : RHP Doug Ryan
Batting: RHB Bill Taylor 0-0: Ground out 6-3 (Groundball, 6)
Batting: LHB Alfonso López 0-0: Called Strike
0-1: Foul Ball, location: 2F
0-2: Ball
1-2: SINGLE (Groundball, 6MD)
Batting: RHB Tom Baker 0-0: Called Strike
0-1: Called Strike
0-2: Ball
1-2: Ball
2-2: Foul Ball, location: 2F
2-2: Ball
3-2: Fielders Choice at 2nd, 1-6 (Groundball, 13)
Batting: SHB Omar Gutiérrez 0-0: Ball
1-0: Called Strike
1-1: Called Strike
1-2: Strikes out swinging
Top of the 3rd over - 0 run(s), 1 hit(s), 0 error(s), 1 left on base; Rappahannock 2 - Warwick 0
BOTTOM OF THE 3RD
Warwick Hunchbacks batting - Pitching for Rappahannock Partisans : RHP Mark Walker
Batting: LHB Javier Pérez 0-0: Bunt missed!
0-1: Called Strike
0-2: Foul Ball, location: 2F
0-2: Ball
1-2: Ball
2-2: Ball
3-2: Base on Balls
Batting: LHB Tony Nichols 0-0: Foul Ball, location: 2F
0-1: Called Strike
0-2: Fly out, F8 (Line Drive, 8LS)
Batting: RHB Chris Riles 0-0: Ball
1-0: Fly out, F8 (Line Drive, 8LM)
Batting: RHB Nick McKnight 0-0: Ball
1-0: Ball
2-0: Foul Ball, location: 2F
2-1: Ball
3-1: Fly out, F8 (Flyball, 8RXD)
Bottom of the 3rd over - 0 run(s), 0 hit(s), 0 error(s), 1 left on base; Rappahannock 2 - Warwick 0
TOP OF THE 4TH
Rappahannock Partisans batting - Pitching for Warwick Hunchbacks : RHP Doug Ryan
Batting: RHB Matt Sheppard 0-0: Ball
1-0: Called Strike
1-1: Swinging Strike
1-2: Strikes out swinging
Batting: LHB Marvin von Seydlitz 0-0: Ball
1-0: Hit by Pitch
Batting: RHB Eduardo Manuel 0-0: Ball
1-0: Grounds into double play, 6-4-3 (Groundball, 6)
Top of the 4th over - 0 run(s), 0 hit(s), 0 error(s), 0 left on base; Rappahannock 2 - Warwick 0
BOTTOM OF THE 4TH
Warwick Hunchbacks batting - Pitching for Rappahannock Partisans : RHP Mark Walker
Batting: LHB Ted Cracknell 0-0: Foul Ball, location: 2F
0-1: Fly out, F8 (Flyball, 8RM)
Batting: RHB Julián Rocha 0-0: Ball
1-0: Foul Ball, location: 2F
1-1: Swinging Strike
1-2: Strikes out swinging, 2-3 out at first.
Batting: RHB Freddy Scott 0-0: Foul Ball, location: 2F
0-1: Ball
1-1: Called Strike
1-2: Fly out, F9 (Flyball, 89S)
Bottom of the 4th over - 0 run(s), 0 hit(s), 0 error(s), 0 left on base; Rappahannock 2 - Warwick 0
TOP OF THE 5TH
Rappahannock Partisans batting - Pitching for Warwick Hunchbacks : RHP Doug Ryan
Batting: LHB Miguel Mendoza 0-0: Ball
1-0: Ball
2-0: Called Strike
2-1: Foul Ball, location: 2F
2-2: SINGLE (Flyball, 6MD) - OUT at second base trying to stretch hit.
Batting: RHB Ángel Ruezga 0-0: Ball
1-0: Fly out, F3 (Popup, 3L)
Batting: RHB Bill Taylor 0-0: Ball
1-0: Foul Ball, location: 2F
1-1: Ball
2-1: Ball
3-1: Foul Ball, location: 2F
3-2: Fly out, F6 (Line Drive, 6M)
Top of the 5th over - 0 run(s), 1 hit(s), 0 error(s), 0 left on base; Rappahannock 2 - Warwick 0
BOTTOM OF THE 5TH
Warwick Hunchbacks batting - Pitching for Rappahannock Partisans : RHP Mark Walker
Batting: LHB Ron Wallace 0-0: Foul Ball, location: 2F
0-1: Ground out 6-3 (Groundball, 6M)
Batting: RHB Jim Browning 0-0: Swinging Strike
0-1: Ball
1-1: Foul Ball, location: 2F
1-2: Foul Ball, location: 2F
1-2: Ball
2-2: Ground out 3-1 (Groundball, 34)
Batting: LHB Javier Pérez 0-0: Called Strike
0-1: Ball
1-1: Ball
2-1: SINGLE (Flyball, 6MD)
Batting: LHB Tony Nichols 0-0: Ball
1-0: Called Strike
1-1: Ball
2-1: 2-RUN HOME RUN (Line Drive, 7D), Distance : 396 ft
Batting: RHB Chris Riles 0-0: Ball
1-0: Called Strike
1-1: Foul Ball, location: 2F
1-2: Ball
2-2: Foul Ball, location: 2F
2-2: Ball
3-2: Foul Ball, location: 2F
3-2: Strikes out swinging
Bottom of the 5th over - 2 run(s), 2 hit(s), 0 error(s), 0 left on base; Rappahannock 2 - Warwick 2
TOP OF THE 6TH
Rappahannock Partisans batting - Pitching for Warwick Hunchbacks : RHP Doug Ryan
Batting: LHB Alfonso López 0-0: Called Strike
0-1: Fly out, F7 (Flyball, 7M)
Batting: RHB Tom Baker 0-0: Called Strike
0-1: Called Strike
0-2: Ball
1-2: Ball
2-2: Fly out, F7 (Flyball, 78M)
Batting: SHB Omar Gutiérrez 0-0: Ball
1-0: Called Strike
1-1: Ball
2-1: Fly out, F8 (Flyball, 8RS)
Top of the 6th over - 0 run(s), 0 hit(s), 0 error(s), 0 left on base; Rappahannock 2 - Warwick 2
BOTTOM OF THE 6TH
Warwick Hunchbacks batting - Pitching for Rappahannock Partisans : RHP Mark Walker
Batting: RHB Nick McKnight 0-0: Ball
1-0: Ball
2-0: Ground out 5-3 (Groundball, 15S)
Batting: LHB Ted Cracknell 0-0: Called Strike
0-1: Called Strike
0-2: Ball
1-2: Ball
2-2: Ball
3-2: SINGLE (Flyball, 78S)
Batting: RHB Julián Rocha 0-0: Called Strike
0-1: Ball
1-1: Called Strike
1-2: Ball
2-2: Foul Ball, location: 2F
2-2: Fly out, F8 (Flyball, 78M)
Batting: RHB Freddy Scott 0-0: Called Strike
0-1: Fly out, F6 (Popup, 56D)
Bottom of the 6th over - 0 run(s), 1 hit(s), 0 error(s), 1 left on base; Rappahannock 2 - Warwick 2
TOP OF THE 7TH
Rappahannock Partisans batting - Pitching for Warwick Hunchbacks : RHP Doug Ryan
Batting: RHB Matt Sheppard 0-0: Fly out, F9 (Popup, 34D)
Batting: LHB Marvin von Seydlitz 0-0: Called Strike
0-1: Foul Ball, location: 2F
0-2: Ball
1-2: Strikes out swinging
Batting: RHB Eduardo Manuel 0-0: Called Strike
0-1: Ball
1-1: Ball
2-1: Ball
3-1: Swinging Strike
3-2: Strikes out looking
Top of the 7th over - 0 run(s), 0 hit(s), 0 error(s), 0 left on base; Rappahannock 2 - Warwick 2
BOTTOM OF THE 7TH
Warwick Hunchbacks batting - Pitching for Rappahannock Partisans : RHP Mark Walker
Batting: LHB Ron Wallace 0-0: Ball
1-0: Foul Ball, location: 2F
1-1: Ball
2-1: Fly out, F4 (Line Drive, 4)
Pinch Hitting: LHB Luis Robles 0-0: SINGLE (Line Drive, 4MD)
Pinch Hitting: RHB Travis Turner 0-0: Ball
1-0: Ball
2-0: Called Strike
2-1: Fly out, F9 (Flyball, 89M)
Pitching: LHP Wyatt Watson
Batting: LHB Tony Nichols 0-0: Ball
1-0: Swinging Strike
1-1: Foul Ball, location: 2F
1-2: Foul Ball, location: 2F
1-2: SINGLE (Flyball, 89M)
Luis Robles to second
Pitching: LHP Monte Conner
Pinch Hitting: RHB Octávio Castaneda 0-0: Ball
1-0: Ball
2-0: Ball
3-0: Called Strike
3-1: Called Strike
3-2: Base on Balls
Luis Robles to third
Tony Nichols to second
Batting: RHB Nick McKnight 0-0: Ball
Wild Pitch!
Luis Robles scores
Tony Nichols to third
Octávio Castaneda to second
1-0: Fly out, F9 (Flyball, 9LM)
Bottom of the 7th over - 1 run(s), 2 hit(s), 0 error(s), 2 left on base; Rappahannock 2 - Warwick 3
TOP OF THE 8TH
Rappahannock Partisans batting - Pitching for Warwick Hunchbacks : RHP Doug Ryan
Now at C: David Barrett
Now at 3B: Mike O'Brien
Now in CF: Luis Robles
Now in RF: Travis Turner
Batting: LHB Miguel Mendoza 0-0: Ball
1-0: Called Strike
1-1: Ball
2-1: Foul Ball, location: 2F
2-2: Strikes out swinging
Batting: RHB Ángel Ruezga 0-0: Ball
1-0: SINGLE (Groundball, 34D) (infield hit)
Batting: RHB Bill Taylor 0-0: Ball
1-0: Called Strike
1-1: Bunted foul
1-2: Foul Ball, location: 2F
1-2: Ground out 5-3 (Groundball, 56)
Ángel Ruezga to second
Batting: LHB Alfonso López 0-0: Ball
1-0: Swinging Strike
1-1: Ball
2-1: Foul Ball, location: 2F
2-2: Foul Ball, location: 2F
2-2: Foul Ball, location: 2F
2-2: Ball
3-2: Base on Balls
Batting: RHB Tom Baker 0-0: Ground out 2-3 (Groundball, 2R)
Top of the 8th over - 0 run(s), 1 hit(s), 0 error(s), 2 left on base; Rappahannock 2 - Warwick 3
BOTTOM OF THE 8TH
Warwick Hunchbacks batting - Pitching for Rappahannock Partisans : LHP Monte Conner
Batting: LHB Ted Cracknell 0-0: Ball
1-0: Ball
2-0: Called Strike
2-1: Swinging Strike
2-2: Foul Ball, location: 2F
2-2: Strikes out swinging
Batting: RHB Julián Rocha 0-0: Ball
1-0: Ground out 4-3 (Groundball, 4)
Batting: RHB Freddy Scott 0-0: Called Strike
0-1: Called Strike
0-2: Foul Ball, location: 2F
0-2: Ball
1-2: SINGLE (Groundball, 56D)
Batting: LHB David Barrett 0-0: Swinging Strike
0-1: Called Strike
0-2: Ball
1-2: Ball
2-2: Ball
3-2: Strikes out swinging
Bottom of the 8th over - 0 run(s), 1 hit(s), 0 error(s), 1 left on base; Rappahannock 2 - Warwick 3
TOP OF THE 9TH
Rappahannock Partisans batting - Pitching for Warwick Hunchbacks : RHP Doug Ryan
Pitching: LHP Rocky Russell
Batting: SHB Omar Gutiérrez 0-0: Ball
1-0: Ball
2-0: Ball
3-0: Base on Balls
Batting: RHB Matt Sheppard 0-0: Ball
1-0: Ball
2-0: SINGLE (Groundball, 56D)
Omar Gutiérrez to second
Pinch Hitting: RHB Félix Flores 0-0: Ball
1-0: Called Strike
1-1: Foul Ball, location: 2F
1-2: Ball
2-2: Ball
3-2: Base on Balls
Omar Gutiérrez to third
Matt Sheppard to second
Pinch Hitting: RHB Jim Unknown 0-0: Foul Ball, location: 2F
0-1: Foul Ball, location: 2F
0-2: Ball
1-2: Grounds into fielders choice 6-2 (Groundball, 56)
Matt Sheppard to third
Félix Flores to second
Pinch Hitting: RHB Jesús Murillo 0-0: Ball
1-0: Called Strike
1-1: Foul Ball, location: 2F
1-2: Strikes out swinging
Pinch Hitting: RHB Cipriano Oliveira 0-0: Ground out 5-3 (Groundball, 56S)
Top of the 9th over - 0 run(s), 1 hit(s), 0 error(s), 3 left on base; Rappahannock 2 - Warwick 3
This league is powered by Out of the Park Baseball, the baseball management simulation game for PC, Mac and Linux
Saturday, February 27th, 2021 - OOTP Baseball 15.6 Build 34